 Dungeon Crawl Stone Soup version 0.24-a0-307-gf989941 (webtiles) character file.

Game seed: 18021971341425247191

264 MisterFreud the Slasher (level 6, -4/42 HPs)
             Began as an Octopode Fighter on May 12, 2019.
             Shot with an arrow by a centaur (6 damage)
             ... on level 5 of the Dungeon.
             The game lasted 00:04:25 (3031 turns).

MisterFreud the Slasher (Octopode Fighter)          Turns: 3031, Time: 00:04:25

Health: -4/42      AC:  1    Str: 16    XL:     6   Next: 19%
Magic:  6/6        EV: 11    Int: 12    God:
Gold:   117        SH:  8    Dex: 11    Spells: 5/5 levels left

rFire    . . .     SeeInvis .   a - +0 long sword
rCold    . . .     Gourm    .   b - +0 shield
rNeg     + . .     Faith    .   (helmet restricted)
rPois    .         Spirit   .   (no amulet)
rElec    .         Reflect  .   u - ring of positive energy
rCorr    .         Harm     .   (no ring)
MR       .....                  (no ring)
Stlth    ++........             (no ring)
HPRegen  0.14/turn              (no ring)
MPRegen  0.10/turn              (no ring)
                                (no ring)
                                (no ring)

@: about to teleport, hasted, very quick
A: almost no armour, stealthy swim, amphibious, 8 rings, constrict 8, camouflage
1, gelatinous body 1
a: no special abilities


You were on level 5 of the Dungeon.
You were not hungry.

You visited 1 branch of the dungeon, and saw 5 of its levels.

You collected 117 gold pieces.

Inventory:

Hand Weapons
 a - a +0 long sword (weapon)
Missiles
 i - 54 arrows
 k - 185 stones (quivered)
 l - 16 bolts
 w - 6 poisoned darts
Armour
 b - a +0 shield (worn)
Jewellery
 u - a ring of positive energy (left tentacle)
Wands
 s - a wand of polymorph (9)
Scrolls
 e - a scroll of teleportation
 j - 3 scrolls of remove curse
 n - a scroll of blinking {unknown}
 o - 3 scrolls of fear
 p - a scroll of random uselessness {unknown}
 q - a scroll of immolation {unknown}
Potions
 c - 2 potions of might
 g - 3 potions of flight
 h - 2 potions of agility
 r - a potion of invisibility {unknown}
 t - a potion of magic {unknown}
 x - a potion of experience {unknown}
Comestibles
 d - 4 rations


   Skills:
 - Level 3.0 Fighting
 - Level 6.1 Long Blades
 + Level 3.4 Dodging
 - Level 3.0 Shields


You had 5 spell levels left.
You didn't know any spells.
Your spell library was empty.

Dungeon Overview and Level Annotations

Branches:
Dungeon (4/15)
 Temple: D:4-7

Altars:
Fedhas
Okawaru
Vehumet

Shops:
D:5 :


Innate Abilities, Weirdness & Mutations

You cannot wear most types of armour.
You are very stealthy in the water. (Stealth+)
You are amphibious.
You can wear up to eight rings at the same time.
You can use your tentacles to constrict eight enemies at once.
Your skin changes colour to match your surroundings (Stealth+).
Your rubbery body absorbs attacks. (AC +1, EV +1)


Message History

The centaur wields a cursed +0 shortbow.
The centaur shoots an arrow.
The arrow completely misses you.
The centaur shoots an arrow.
The arrow hits you!
You are too injured to fight recklessly!
The howler monkey hoots and howls with incredible vigour!
You see here a jackal corpse.
The centaur shoots an arrow.
The arrow barely misses you.
You see here an arrow.
The centaur shoots an arrow.
The arrow hits you!
* * * LOW HITPOINT WARNING * * *
Items here: %% ( ÷÷ an arrow; a chunk of flesh; a jackal skeleton; a chunk of flesh an adder skeleton Unknown command.
All of the chunks of flesh in your inventory have rotted away.
As you read the scroll of teleportation, it crumbles to dust.
You feel strangely unstable.
It was a potion of haste.
You feel yourself speed up.
The centaur shoots an arrow.
The arrow hits you.
You die...

...c....####.###
#.h.c./......
...#.%(#......#
....h...†......#
....##..#......#
... #..##(....#
a #..###(#..#.#
#..# #.#....#
#..# #@...#..
##.. ###......
#. ...#.# #.# .#
#


You could see a centaur.

Vanquished Creatures
  A crimson imp (D:3)
  A hound (D:2)
  Jessica (D:2)
  4 gnolls (D:2)
  3 adders
  2 oozes
  2 dart slugs
  2 worms (D:2)
  A leopard gecko (D:1)
  3 orcs (D:3)
  10 bats
  11 giant cockroaches
  6 goblins
  9 hobgoblins
  8 jackals (D:5)
  5 frilled lizards
  8 kobolds
  8 rats
85 creatures vanquished.

Notes
Turn   | Place    | Note
-------+----------+-------------------------------------------
     0 | D:1      | MisterFreud the Octopode Fighter began the quest for the
                  | Orb.
     0 | D:1      | Reached XP level 1. HP: 16/16 MP: 1/1
   172 | D:1      | Reached XP level 2. HP: 20/21 MP: 2/2
   242 | D:1      | Reached skill level 3 in Long Blades
   783 | D:2      | Found a blossoming altar of Fedhas.
   826 | D:2      | Reached XP level 3. HP: 25/26 MP: 3/3
  1233 | D:2      | Reached skill level 4 in Long Blades
  1253 | D:2      | Reached XP level 4. HP: 24/31 MP: 4/4
  1324 | D:2      | Noticed Jessica
  1329 | D:2      | Found an iron altar of Okawaru.
  1337 | D:2      | Killed Jessica
  1337 | D:2      | Reached skill level 5 in Long Blades
  1337 | D:2      | Reached XP level 5. HP: 21/36 MP: 5/5
  1476 | D:2      | HP: 1/36 [gnoll/+0 spear (5)]
  1713 | D:2      | Found a radiant altar of Vehumet.
  2524 | D:3      | Reached skill level 6 in Long Blades
  2524 | D:3      | Reached XP level 6. HP: 42/42 MP: 6/6
  2972 | D:4      | Noticed a phantom
  2979 | D:4      | You fall through a shaft!
  2979 | D:5      | Entered Level 5 of the Dungeon
  3022 | D:5      | Found Joor Coe's Book Shop.
  3027 | D:5      | HP: 2/42 [centaur/arrow (15)]
  3031 | D:5      | Shot with an arrow by a centaur

Levels and vault maps discovered:
D:1:      dpeg_arrival_concentric_ovals, layout_basic
D:2:      layout_loops_ring, fedhas_altar_4, vehumet_crystals, okawaru_trees_1,
          minmay_worlds_worst_comb, uniq_jessica
D:3:      layout_loops_corners
D:4:      layout_loops_ring, nicolae_ru_great_annihilating_truth,
          cheibriados_altar_1, first_ration
D:5:      layout_rooms, old_standard_altar, serial_shops,
          nicolae_shop_behind_doors

Skill      XL: |  1  2  3  4  5 |
---------------+----------------+-----
Long Blades    | 3 4 5 6 |  6.1
Fighting       | |  3.0
Dodging        | |  3.4
Shields        | |  3.0

Action                   |  1- 3 |  4- 6 || total
-------------------------+-------+-------++-------
Melee: Long sword        |    59 |    92 ||   151
       Constrict         |    22 |    31 ||    53
       Tentacles         |    11 |    10 ||    21
  Use: Scroll            |     3 |     4 ||     7
       Potion            |       |     1 ||     1
 Stab: Sleeping          |     5 |     8 ||    13
  Eat: Chunk             |     1 |     6 ||     7
Armor: Skin              |     6 |     7 ||    13
Dodge: Dodged            |    26 |    41 ||    67
Block: Shield            |    30 |    40 ||    70
       Rpst.: Long sword |     8 |    10 ||    18

Table legend:
 A = Non-vault XP
 B = Vault XP
 C = Vault XP percentage of total XP
 D = Non-vault monster count
 E = Vault monster count
 F = Vault count percentage of total count
                 A         B        C        D         E       F
            +---------+---------+-------+---------+---------+-------
      Total |     335 |      43 |  11.4 |      81 |       4 |   4.7
            +---------+---------+-------+---------+---------+-------
        D:1 |      33 |       0 |   0.0 |      18 |       0 |   0.0
        D:2 |     162 |      43 |  21.0 |      30 |       4 |  11.8
        D:3 |     111 |       0 |   0.0 |      24 |       0 |   0.0
        D:5 |      29 |       0 |   0.0 |       9 |       0 |   0.0
            +---------+---------+-------+---------+---------+-------
